General information
- name: BNet
- type: Ladder team game (AT/RT)
- host: Battle.net
- saver: MaD_cOw_DiSeAsE
map: SilverpineForest
- players: 6
- length: 92:06
- speed: Fast
- version: 1.21 W3XP
- replay type: Public
» download(459 KB)
Players
team 1 (loser)
BedrockFred (
teal | 51 APM | 4716 actions | 91:45)
10 Death Knight
3 Death Coil
3 Unholy Aura
1 Animate Dead
3 Death Pact
1 Warden
1 Shadow Strike
2 Keeper of the Grove
1 Thorns Aura
1 Entangling Roots
5 Lich
1 Frost Nova
3 Frost Armor
1 Dark Ritual
» actions
| Basic commands | 9 | |
| Build / train | 181 | |
| Enter build submenu | 47 | |
| Enter hero's abilities submenu | 18 | |
| Give item / drop item | 4 | |
| Remove unit from queue | 12 | |
| Right click | 3094 | |
| Select / deselect | 1196 | |
| Use ability | 154 | |
4716 total
» units
| Acolyte | 37 | |
| Ghoul | 5 | |
| Crypt Fiend | 17 | |
| Gargoyle | 13 | |
| Obsidian Statue | 14 | |
| Frost Wyrm | 19 | |
| Abomination | 2 | |
| Meatwagon | 1 | |
108 total
» upgrades
| Creature Carapace | 3 | |
| Web | 1 | |
| Creature Attack | 4 | |
| Destroyer Form | 1 | |
| Freezing Breath | 1 | |
| Burrow | 1 | |
| Stone Form | 1 | |
| Unholy Armor | 2 | |
| Unholy Strength | 2 | |
| Disease Cloud | 1 | |
17 total
» buildings
| Crypt | 2 | |
| Graveyard | 1 | |
| Altar of Darkness | 1 | |
| Ziggurat | 20 | |
| Nerubian Tower | 3 | |
| Tomb of Relics | 1 | |
| Spirit Tower | 9 | |
| Halls of the Dead | 1 | |
| Slaughterhouse | 1 | |
| Black Citadel | 1 | |
| Sacrificial Pit | 1 | |
| Boneyard | 3 | |
| Necropolis | 1 | |
| Altar of Elders | 2 | |
| Tree of Life | 1 | |
| Tree of Ages | 1 | |
49 total
» build order
00:10 Crypt
00:22 Graveyard
00:45 Altar of Darkness
01:03 Ziggurat
01:52 Ziggurat
03:07 Nerubian Tower
04:02 Tomb of Relics
04:25 Spirit Tower
04:48 Halls of the Dead
05:49 Ziggurat
05:55 Ziggurat
07:43 Slaughterhouse
08:06 Ziggurat
08:12 Ziggurat
09:20 Black Citadel
10:18 Ziggurat
10:45 Sacrificial Pit
12:32 Boneyard
13:12 Ziggurat
13:30 Boneyard
13:44 Boneyard
14:29 Ziggurat
14:31 Ziggurat
17:03 Ziggurat
17:13 Ziggurat
17:16 Ziggurat
18:02 Spirit Tower
19:11 Spirit Tower
19:21 Nerubian Tower
20:39 Spirit Tower
22:34 Crypt
39:38 Necropolis
42:17 Ziggurat
42:24 Ziggurat
43:18 Spirit Tower
43:19 Nerubian Tower
44:38 Ziggurat
44:46 Ziggurat
44:51 Ziggurat
46:15 Spirit Tower
47:56 Altar of Elders
49:54 Ziggurat
49:56 Ziggurat
50:01 Spirit Tower
50:05 Spirit Tower
50:06 Spirit Tower
60:32 Altar of Elders
61:51 Tree of Life
64:16 Tree of Ages
» items
| Scroll of Healing | 2 | |
| Scroll of Protection | 1 | |
| Orb of Corruption | 2 | |
| Scroll of Town Portal | 3 | |
| Dust of Appearance | 1 | |
9 total
MaD_cOw_DiSeAsE (
orange | 51 APM | 4715 actions | 92:06)
7 Blademaster
3 Wind Walk
3 Critical Strike
1 Bladestorm
7 Shadow Hunter
3 Hex
3 Healing Wave
1 Big Bad Voodoo
3 Keeper of the Grove
1 Thorns Aura
1 Entangling Roots
1 Tranquility
» actions
| Assign group hotkey | 102 | |
| Basic commands | 147 | |
| Build / train | 160 | |
| Enter build submenu | 41 | |
| Enter hero's abilities submenu | 18 | |
| Give item / drop item | 11 | |
| Remove unit from queue | 6 | |
| Right click | 1966 | |
| Select / deselect | 1211 | |
| Select group hotkey | 715 | |
| Use ability | 338 | |
4715 total
» units
| Peon | 18 | |
| Grunt | 13 | |
| Spirit Walker | 6 | |
| Tauren | 11 | |
| Troll Headhunter/Berserker | 4 | |
| Demolisher | 30 | |
| Troll Batrider | 10 | |
| Goblin Zeppelin | 4 | |
96 total
» upgrades
| Berserker Strength | 1 | |
| Spirit Walker Training | 2 | |
| Reinforced Defenses | 1 | |
| Pillage | 1 | |
| Melee Weapons | 1 | |
| Pulverize | 1 | |
| Berserker Upgrade | 1 | |
| Burning Oil | 1 | |
| Liquid Fire | 1 | |
10 total
» buildings
| Altar of Storms | 1 | |
| Orc Burrow | 8 | |
| Barracks | 1 | |
| Voodoo Lounge | 2 | |
| Stronghold | 1 | |
| War Mill | 2 | |
| Spirit Lodge | 2 | |
| Fortress | 1 | |
| Watch Tower | 16 | |
| Tauren Totem | 2 | |
| Great Hall | 1 | |
| Beastiary | 2 | |
39 total
» build order
00:11 Altar of Storms
00:20 Orc Burrow
00:53 Barracks
02:21 Orc Burrow
02:25 Voodoo Lounge
03:05 Stronghold
03:29 Orc Burrow
03:32 War Mill
05:43 Spirit Lodge
05:47 Orc Burrow
07:50 Fortress
09:46 Voodoo Lounge
09:53 Watch Tower
10:31 Watch Tower
11:04 Watch Tower
14:09 Tauren Totem
18:55 Orc Burrow
22:49 Orc Burrow
22:53 War Mill
23:42 Watch Tower
23:44 Watch Tower
23:46 Watch Tower
23:47 Watch Tower
23:56 Watch Tower
27:52 Orc Burrow
28:28 Orc Burrow
32:47 Great Hall
36:48 Watch Tower
36:50 Watch Tower
36:52 Watch Tower
36:53 Watch Tower
37:00 Watch Tower
40:11 Tauren Totem
44:54 Watch Tower
44:55 Watch Tower
44:56 Watch Tower
52:21 Spirit Lodge
56:11 Beastiary
56:12 Beastiary
» items
| Healing Salve | 9 | |
| Lesser Clarity Potion | 14 | |
| Scroll of Speed | 1 | |
| Potion of Healing | 1 | |
| Orb of Lightning | 1 | |
| Dust of Appearance | 1 | |
27 total
theriverstyx (
red | 82 APM | 2066 actions | 25:02)
3 Warden
2 Fan of Knives
1 Blink
1 Keeper of the Grove
1 Entangling Roots
» actions
| Assign group hotkey | 232 | |
| Basic commands | 131 | |
| Build / train | 77 | |
| ESC pressed | 2 | |
| Enter build submenu | 18 | |
| Enter hero's abilities submenu | 4 | |
| Give item / drop item | 1 | |
| Right click | 1013 | |
| Select / deselect | 447 | |
| Select group hotkey | 58 | |
| Use ability | 82 | |
2066 total
» units
| Wisp | 18 | |
| Archer | 13 | |
| Glaive Thrower | 8 | |
| Chimaera | 6 | |
| Druid of the Talon | 4 | |
| Huntress | 4 | |
| Hippogryph | 3 | |
56 total
» upgrades
| Strength of the Moon | 2 | |
| Vorpal Blades | 1 | |
| Improved Bows | 1 | |
| Strength of the Wild | 2 | |
| Marksmanship | 1 | |
| Corrosive Breath | 1 | |
| Druid of the Talon Training | 1 | |
| Well Spring | 1 | |
| Sentinel | 1 | |
11 total
» buildings
| Altar of Elders | 1 | |
| Moon Well | 6 | |
| Ancient of War | 2 | |
| Hunter's Hall | 1 | |
| Tree of Ages | 3 | |
| Ancient Protector | 2 | |
| Tree of Eternity | 1 | |
| Ancient of Wind | 1 | |
| Chimaera Roost | 2 | |
19 total
» build order
00:06 Altar of Elders
00:10 Moon Well
00:48 Ancient of War
01:32 Moon Well
01:46 Moon Well
02:27 Hunter's Hall
02:43 Ancient of War
04:53 Tree of Ages
04:54 Tree of Ages
05:15 Ancient Protector
05:30 Ancient Protector
06:12 Moon Well
07:45 Tree of Eternity
11:08 Ancient of Wind
12:18 Chimaera Roost
12:20 Chimaera Roost
15:03 Moon Well
16:48 Moon Well
team 2 (winner)
BaGsOfDiRtYdIx (
blue | 39 APM | 3580 actions | 92:06)
5 Archmage
3 Blizzard
2 Brilliance Aura
5 Blood Mage
3 Flame Strike
2 Siphon Mana
» actions
| Assign group hotkey | 8 | |
| Basic commands | 11 | |
| Build / train | 141 | |
| ESC pressed | 1 | |
| Enter build submenu | 103 | |
| Enter hero's abilities submenu | 10 | |
| Give item / drop item | 9 | |
| Right click | 1830 | |
| Select / deselect | 849 | |
| Select group hotkey | 230 | |
| Use ability | 388 | |
3580 total
» units
| Peasant | 22 | |
| Sorceress | 2 | |
| Priest | 2 | |
| Dragonhawk Rider | 9 | |
| Goblin Zeppelin | 1 | |
| Flying Machine | 6 | |
42 total
» upgrades
| Masonry | 3 | |
| Lumber Harvesting | 2 | |
| Magic Sentry | 1 | |
| Sorceress Training | 2 | |
| Priest Training | 2 | |
| Cloud | 1 | |
| Animal War Training | 1 | |
| Armor | 3 | |
| Swords | 2 | |
17 total
» buildings
| Altar of Kings | 1 | |
| Farm | 11 | |
| Scout Tower | 103 | |
| Lumber Mill | 4 | |
| Arcane Tower | 8 | |
| Guard Tower | 32 | |
| Town Hall | 1 | |
| Arcane Vault | 3 | |
| Keep | 1 | |
| Arcane Sanctum | 1 | |
| Gryphon Aviary | 3 | |
| Castle | 1 | |
| Blacksmith | 1 | |
| Barracks | 1 | |
| Workshop | 1 | |
172 total
» build order
00:04 Altar of Kings
00:06 Farm
00:38 Scout Tower
00:50 Lumber Mill
01:12 Scout Tower
01:14 Arcane Tower
01:48 Scout Tower
02:00 Farm
02:14 Guard Tower
02:19 Scout Tower
02:32 Guard Tower
02:46 Scout Tower
02:47 Guard Tower
03:06 Scout Tower
03:14 Guard Tower
03:28 Farm
03:42 Guard Tower
03:47 Scout Tower
03:49 Scout Tower
04:52 Scout Tower
04:52 Scout Tower
04:54 Scout Tower
04:55 Scout Tower
04:59 Town Hall
05:04 Guard Tower
05:06 Scout Tower
05:28 Guard Tower
05:30 Scout Tower
05:31 Scout Tower
05:50 Arcane Vault
05:51 Guard Tower
06:06 Guard Tower
06:22 Scout Tower
06:45 Scout Tower
06:46 Scout Tower
06:47 Scout Tower
07:03 Guard Tower
07:06 Scout Tower
07:10 Scout Tower
07:41 Keep
07:46 Guard Tower
07:47 Arcane Tower
07:58 Scout Tower
07:59 Scout Tower
08:00 Scout Tower
08:01 Scout Tower
08:30 Guard Tower
08:38 Guard Tower
09:48 Guard Tower
10:53 Arcane Sanctum
10:58 Gryphon Aviary
11:36 Castle
12:16 Scout Tower
12:19 Scout Tower
12:19 Scout Tower
13:14 Guard Tower
16:27 Farm
16:28 Farm
17:52 Blacksmith
17:55 Barracks
32:41 Scout Tower
32:42 Scout Tower
32:43 Scout Tower
32:44 Scout Tower
32:45 Scout Tower
32:46 Scout Tower
32:55 Scout Tower
32:57 Scout Tower
32:57 Scout Tower
32:58 Scout Tower
35:21 Guard Tower
36:48 Scout Tower
36:50 Scout Tower
36:51 Scout Tower
36:53 Scout Tower
36:54 Scout Tower
37:24 Guard Tower
37:27 Scout Tower
37:28 Scout Tower
37:30 Scout Tower
37:32 Scout Tower
38:09 Guard Tower
40:32 Scout Tower
40:33 Scout Tower
41:12 Scout Tower
41:14 Scout Tower
41:20 Scout Tower
41:21 Scout Tower
41:22 Scout Tower
41:59 Guard Tower
43:33 Farm
43:34 Farm
44:33 Gryphon Aviary
44:35 Gryphon Aviary
44:39 Workshop
49:28 Farm
49:29 Farm
49:31 Farm
49:32 Farm
52:00 Arcane Vault
53:27 Lumber Mill
57:16 Arcane Vault
58:07 Scout Tower
58:09 Scout Tower
58:10 Scout Tower
58:17 Lumber Mill
59:27 Scout Tower
59:28 Scout Tower
59:29 Scout Tower
59:30 Scout Tower
59:34 Scout Tower
59:35 Scout Tower
59:36 Scout Tower
59:37 Scout Tower
59:38 Scout Tower
59:40 Scout Tower
60:45 Guard Tower
61:19 Scout Tower
61:20 Scout Tower
61:23 Scout Tower
61:25 Scout Tower
61:26 Scout Tower
61:52 Guard Tower
62:03 Scout Tower
62:05 Scout Tower
62:06 Scout Tower
62:13 Guard Tower
63:08 Guard Tower
63:13 Scout Tower
63:14 Scout Tower
63:21 Scout Tower
63:24 Scout Tower
63:32 Scout Tower
63:34 Arcane Tower
63:40 Arcane Tower
63:54 Scout Tower
63:57 Scout Tower
63:58 Scout Tower
64:01 Arcane Tower
64:31 Arcane Tower
64:47 Scout Tower
65:17 Scout Tower
65:19 Scout Tower
65:52 Scout Tower
65:54 Scout Tower
65:57 Scout Tower
65:58 Scout Tower
66:01 Scout Tower
66:09 Lumber Mill
67:06 Scout Tower
67:11 Guard Tower
67:15 Arcane Tower
67:17 Guard Tower
67:40 Arcane Tower
85:43 Scout Tower
86:15 Scout Tower
86:17 Scout Tower
86:18 Scout Tower
86:58 Guard Tower
87:05 Scout Tower
87:07 Scout Tower
87:40 Guard Tower
87:46 Scout Tower
87:49 Scout Tower
87:50 Scout Tower
88:13 Guard Tower
88:51 Guard Tower
88:59 Scout Tower
89:17 Guard Tower
89:46 Scout Tower
89:48 Guard Tower
90:24 Guard Tower
» items
| Scroll of Regeneration | 4 | |
| Lesser Clarity Potion | 1 | |
| Ivory Tower | 3 | |
| Potion of Healing | 4 | |
| Boots of Speed | 3 | |
| Periapt of Vitality | 2 | |
| Staff of Teleportation | 2 | |
| Potion of Lesser Invulnerability | 1 | |
| Scroll of Healing | 1 | |
| Staff of Sanctuary | 2 | |
| Scroll of Town Portal | 2 | |
| Pendant of Energy | 1 | |
| Orb of Lightning | 1 | |
| Tiny Great Hall | 1 | |
28 total
FedEx (
green | 62 APM | 5710 actions | 92:06)
9 Blademaster
3 Wind Walk
3 Critical Strike
1 Bladestorm
2 Mirror Image
» actions
| Assign group hotkey | 15 | |
| Basic commands | 8 | |
| Build / train | 143 | |
| ESC pressed | 27 | |
| Enter build submenu | 128 | |
| Enter hero's abilities submenu | 9 | |
| Give item / drop item | 18 | |
| Right click | 3688 | |
| Select / deselect | 675 | |
| Select group hotkey | 364 | |
| Use ability | 635 | |
5710 total
» units
» upgrades
| Ranged Weapons | 3 | |
| Armor | 3 | |
| Liquid Fire | 1 | |
| Reinforced Defenses | 1 | |
8 total
» buildings
| War Mill | 1 | |
| Orc Burrow | 6 | |
| Altar of Storms | 3 | |
| Watch Tower | 101 | |
| Voodoo Lounge | 2 | |
| Stronghold | 1 | |
| Fortress | 1 | |
| Beastiary | 3 | |
| Great Hall | 3 | |
121 total
» build order
00:04 War Mill
00:07 Orc Burrow
00:21 Altar of Storms
01:28 Watch Tower
02:00 Watch Tower
02:29 Orc Burrow
02:38 Watch Tower
03:04 Watch Tower
03:29 Watch Tower
03:39 Voodoo Lounge
03:43 Watch Tower
04:11 Watch Tower
04:45 Watch Tower
04:47 Watch Tower
04:49 Watch Tower
05:19 Stronghold
05:24 Watch Tower
07:27 Watch Tower
07:29 Watch Tower
08:40 Watch Tower
08:41 Watch Tower
08:44 Fortress
08:51 Beastiary
09:01 Orc Burrow
09:18 Beastiary
09:24 Orc Burrow
09:46 Watch Tower
09:47 Watch Tower
10:54 Watch Tower
10:57 Watch Tower
11:00 Watch Tower
12:02 Watch Tower
12:08 Watch Tower
12:09 Watch Tower
13:13 Watch Tower
13:15 Watch Tower
13:17 Watch Tower
14:47 Watch Tower
16:50 Watch Tower
16:52 Watch Tower
16:54 Watch Tower
18:03 Watch Tower
18:07 Watch Tower
18:08 Watch Tower
18:11 Watch Tower
19:16 Beastiary
19:18 Watch Tower
19:21 Watch Tower
19:23 Watch Tower
19:35 Watch Tower
19:37 Watch Tower
19:42 Watch Tower
20:32 Watch Tower
20:35 Watch Tower
20:37 Watch Tower
23:04 Great Hall
23:06 Watch Tower
23:09 Watch Tower
25:30 Watch Tower
25:50 Watch Tower
25:51 Watch Tower
26:01 Watch Tower
27:25 Watch Tower
27:27 Watch Tower
27:29 Watch Tower
27:31 Watch Tower
27:35 Watch Tower
28:41 Watch Tower
30:23 Watch Tower
31:21 Watch Tower
31:24 Watch Tower
31:38 Watch Tower
31:42 Watch Tower
31:44 Watch Tower
31:46 Watch Tower
31:48 Watch Tower
33:02 Great Hall
33:05 Watch Tower
33:08 Watch Tower
33:35 Watch Tower
33:38 Watch Tower
33:42 Watch Tower
33:45 Watch Tower
36:49 Watch Tower
36:52 Watch Tower
36:55 Watch Tower
36:57 Watch Tower
37:01 Watch Tower
37:58 Watch Tower
38:01 Watch Tower
38:04 Watch Tower
38:10 Watch Tower
38:11 Watch Tower
48:54 Watch Tower
48:59 Watch Tower
49:35 Watch Tower
49:38 Watch Tower
49:40 Watch Tower
49:42 Watch Tower
49:43 Watch Tower
50:02 Watch Tower
50:17 Watch Tower
51:08 Watch Tower
51:13 Great Hall
51:16 Watch Tower
51:18 Watch Tower
51:20 Watch Tower
52:12 Watch Tower
52:36 Watch Tower
52:38 Watch Tower
52:40 Watch Tower
52:42 Watch Tower
52:44 Watch Tower
53:12 Watch Tower
53:17 Watch Tower
53:40 Watch Tower
62:51 Altar of Storms
62:54 Orc Burrow
64:38 Altar of Storms
65:45 Orc Burrow
67:24 Voodoo Lounge
» items
| Healing Salve | 4 | |
| Boots of Speed | 1 | |
| Periapt of Vitality | 1 | |
| Staff of Teleportation | 1 | |
| Lesser Clarity Potion | 12 | |
| Scroll of Regeneration | 2 | |
| Potion of Healing | 20 | |
| Potion of Mana | 18 | |
| Orb of Lightning | 1 | |
| Talisman of Evasion | 1 | |
| Khadgar's Gem of Health | 1 | |
| Potion of Lesser Invulnerability | 2 | |
64 total
westonB (
pink | 38 APM | 3523 actions | 92:06)
3 Archmage
2 Blizzard
1 Brilliance Aura
6 Blood Mage
3 Flame Strike
2 Siphon Mana
1 Summon Phoenix
» actions
| Assign group hotkey | 10 | |
| Basic commands | 81 | |
| Build / train | 108 | |
| ESC pressed | 19 | |
| Enter build submenu | 49 | |
| Enter hero's abilities submenu | 8 | |
| Right click | 2194 | |
| Select / deselect | 743 | |
| Select group hotkey | 48 | |
| Use ability | 263 | |
3523 total
» units
| Peasant | 17 | |
| Priest | 1 | |
| Sorceress | 2 | |
| Dragonhawk Rider | 10 | |
30 total
» upgrades
| Masonry | 3 | |
| Magic Sentry | 1 | |
| Sorceress Training | 2 | |
| Lumber Harvesting | 2 | |
| Cloud | 1 | |
| Armor | 2 | |
| Gunpowder | 2 | |
| Animal War Training | 1 | |
| Priest Training | 1 | |
15 total
» buildings
| Altar of Kings | 1 | |
| Farm | 11 | |
| Scout Tower | 53 | |
| Lumber Mill | 1 | |
| Arcane Tower | 3 | |
| Guard Tower | 24 | |
| Keep | 1 | |
| Arcane Vault | 1 | |
| Arcane Sanctum | 1 | |
| Castle | 1 | |
| Gryphon Aviary | 2 | |
| Town Hall | 2 | |
| Blacksmith | 1 | |
| Barracks | 1 | |
103 total
» build order
00:06 Altar of Kings
00:09 Farm
00:31 Scout Tower
00:50 Lumber Mill
01:17 Scout Tower
01:22 Arcane Tower
01:38 Scout Tower
02:17 Guard Tower
02:21 Scout Tower
02:35 Guard Tower
02:45 Farm
02:52 Farm
02:56 Scout Tower
03:12 Guard Tower
03:28 Scout Tower
04:16 Guard Tower
04:56 Scout Tower
05:33 Scout Tower
06:15 Scout Tower
06:18 Arcane Tower
06:20 Keep
06:36 Arcane Vault
06:52 Guard Tower
06:53 Scout Tower
07:22 Guard Tower
07:24 Scout Tower
10:11 Guard Tower
10:15 Scout Tower
11:48 Arcane Sanctum
15:21 Farm
15:24 Farm
15:27 Farm
15:31 Castle
16:28 Gryphon Aviary
17:59 Gryphon Aviary
18:50 Farm
19:02 Farm
20:29 Scout Tower
21:02 Farm
21:17 Guard Tower
22:00 Farm
22:01 Farm
23:23 Scout Tower
23:25 Scout Tower
23:26 Scout Tower
24:25 Guard Tower
24:30 Guard Tower
24:46 Guard Tower
25:00 Scout Tower
25:01 Scout Tower
25:02 Scout Tower
25:46 Town Hall
26:50 Guard Tower
26:55 Scout Tower
27:40 Scout Tower
27:40 Guard Tower
28:09 Guard Tower
28:12 Scout Tower
28:15 Scout Tower
28:16 Scout Tower
29:46 Guard Tower
29:48 Scout Tower
29:49 Scout Tower
29:50 Scout Tower
30:41 Guard Tower
32:45 Scout Tower
32:46 Scout Tower
32:47 Scout Tower
34:07 Scout Tower
34:08 Scout Tower
34:10 Scout Tower
34:11 Scout Tower
34:12 Scout Tower
34:13 Scout Tower
34:14 Scout Tower
34:15 Scout Tower
34:17 Scout Tower
34:18 Scout Tower
34:23 Guard Tower
34:30 Scout Tower
34:32 Scout Tower
34:35 Scout Tower
35:33 Guard Tower
35:40 Town Hall
35:42 Guard Tower
35:43 Guard Tower
35:47 Guard Tower
37:33 Guard Tower
40:06 Guard Tower
46:06 Scout Tower
46:08 Scout Tower
46:11 Scout Tower
46:13 Scout Tower
48:11 Arcane Tower
48:15 Scout Tower
48:54 Scout Tower
48:55 Scout Tower
48:56 Scout Tower
48:57 Scout Tower
48:58 Scout Tower
50:24 Blacksmith
50:28 Barracks
51:24 Guard Tower
» items
| Potion of Healing | 5 | |
| Potion of Mana | 3 | |
| Scroll of Regeneration | 3 | |
| Lesser Clarity Potion | 1 | |
| Staff of Sanctuary | 2 | |
| Boots of Speed | 2 | |
| Staff of Teleportation | 2 | |
| Scroll of Town Portal | 2 | |
| Mechanical Critter | 3 | |
23 total
Chat log
(00:17 / Allies) BedrockFred: you getting drys?
(00:22 / Allies) theriverstyx: no way
(00:24 / Allies) theriverstyx: 2 HU :(
(00:32 / Allies) theriverstyx: i'd get pwned so hard
(00:33 / Allies) BedrockFred: we need anti magic?
(00:38 / Allies) MaD_cOw_DiSeAsE: walkers ftw?
(00:38 / Allies) theriverstyx: walkers
(00:48 / Allies) MaD_cOw_DiSeAsE: dispel at your pleasure
(00:51 / Allies) BedrockFred: k sounds good
(01:04 / Allies) theriverstyx: wow
(01:06 / Allies) theriverstyx: lag
(01:10 / Allies) MaD_cOw_DiSeAsE: noob less?
(01:17 / Allies) MaD_cOw_DiSeAsE: we rushing or creeping?
(01:20 / Allies) theriverstyx: i'll try
(01:21 / Allies) theriverstyx: i'm whoring
(01:23 / Allies) theriverstyx: w/e that means
(01:28 / Allies) MaD_cOw_DiSeAsE: whoring internet?
(01:34 / Allies) MaD_cOw_DiSeAsE: k, just creep then
(01:37 / Allies) MaD_cOw_DiSeAsE: this map has plenty
(01:39 / Allies) theriverstyx: i dunno if whoring is rush or cc
(01:41 / Allies) theriverstyx: :D
(01:44 / Allies) MaD_cOw_DiSeAsE: lol
(01:48 / Allies) MaD_cOw_DiSeAsE: cc since you need to creep mines
(01:51 / Allies) theriverstyx: i can do either
(02:02 / Allies) MaD_cOw_DiSeAsE: oh shit
(02:02 / Allies) theriverstyx: although w/ this hero
(02:03 / Allies) theriverstyx: its hard
(02:06 / Allies) MaD_cOw_DiSeAsE: we need to rush
(02:12 / Allies) MaD_cOw_DiSeAsE: LOL
(02:20 / Allies) theriverstyx: feed me wood
(02:28 / Allies) MaD_cOw_DiSeAsE: COUGH WHORE COUGH COUGH
(02:31 / Allies) MaD_cOw_DiSeAsE: wow caps again :/
(02:32 / Allies) theriverstyx: shut up
(02:35 / Allies) theriverstyx: i'm building seige
(02:57 / Allies) MaD_cOw_DiSeAsE: dont think we can harass with 3 arcanes actually
(03:10 / Allies) theriverstyx: but i can stop him from creeping
(03:14 / Allies) MaD_cOw_DiSeAsE: fine
(03:45 / Allies) MaD_cOw_DiSeAsE: ill see if I can kill his woodies a bit
(03:51 / Allies) MaD_cOw_DiSeAsE: use my grunt at your pleasure
(03:58 / Allies) MaD_cOw_DiSeAsE: /for pleasure :P
(04:05 / Allies) theriverstyx: i'm good on wood now
(04:07 / Allies) BedrockFred: im behind now
(04:08 / Allies) theriverstyx: thx
(04:13 / Allies) BedrockFred: dam bm
(04:34 / Allies) MaD_cOw_DiSeAsE: wow my bad
(04:38 / Allies) MaD_cOw_DiSeAsE: had him rallied to me
(04:39 / Allies) BedrockFred: gold?
(04:51 / Allies) BedrockFred: thx
(05:02 / Allies) theriverstyx: have a cloak for you
(05:03 / Allies) theriverstyx: cow
(05:09 / Allies) MaD_cOw_DiSeAsE: cool
(05:11 / Allies) MaD_cOw_DiSeAsE: bring it here :P
(05:16 / Allies) theriverstyx: i can't
(05:26 / Allies) MaD_cOw_DiSeAsE: im oom
(06:02 / Allies) MaD_cOw_DiSeAsE: take care of my grunts kthxbai
(06:13 / Allies) MaD_cOw_DiSeAsE: never hiring you for babysitting
(06:45 / Allies) MaD_cOw_DiSeAsE: lol
(06:51 / Allies) MaD_cOw_DiSeAsE: I come bearing gifts
(07:30 / Allies) BedrockFred: orcs going air i bet
(07:48 / Allies) MaD_cOw_DiSeAsE: we'll be fine
(07:55 / Allies) MaD_cOw_DiSeAsE: whoa shit
(08:34 / Allies) MaD_cOw_DiSeAsE: owned
(08:46 / Allies) MaD_cOw_DiSeAsE: these guys suck
(08:49 / Allies) theriverstyx: finally
(08:52 / Allies) theriverstyx: i got vorpal blades
(09:21 / Allies) theriverstyx: the flood gates are open
(09:34 / Allies) MaD_cOw_DiSeAsE: what does that mean?
(10:46 / Allies) MaD_cOw_DiSeAsE: damnit
(11:38 / Allies) MaD_cOw_DiSeAsE: damnit
(13:32 / Allies) MaD_cOw_DiSeAsE: WTF
(13:34 / Allies) MaD_cOw_DiSeAsE: oh snetry
(13:36 / Allies) MaD_cOw_DiSeAsE: sentry
(14:01 / Allies) BedrockFred: lumber plz
(14:23 / Allies) MaD_cOw_DiSeAsE: wow
(14:30 / Allies) MaD_cOw_DiSeAsE: LOL
(15:13 / Allies) MaD_cOw_DiSeAsE: Wow
(15:15 / Allies) MaD_cOw_DiSeAsE: WTF
(16:00 / Allies) MaD_cOw_DiSeAsE: wow
(16:36 / Allies) theriverstyx: shouldi just get kotg?
(16:40 / Allies) MaD_cOw_DiSeAsE: yes
(16:52 / Allies) MaD_cOw_DiSeAsE: they have to be blowing all their money on pots
(19:28 / Allies) theriverstyx: need gargs
(19:28 / Allies) theriverstyx: now
(19:34 / Allies) MaD_cOw_DiSeAsE: lol
(20:26 / Allies) MaD_cOw_DiSeAsE: giving up the post?
(20:38 / Allies) theriverstyx: its mass air
(20:47 / Allies) MaD_cOw_DiSeAsE: wtf
(23:01 / Allies) MaD_cOw_DiSeAsE: god damnit
(23:18 / Allies) MaD_cOw_DiSeAsE: WOW
(23:23 / Allies) MaD_cOw_DiSeAsE: my army is fucking stupid
(23:26 / Allies) theriverstyx: this would be sooo easy if i was hu
(24:21 / Allies) theriverstyx: hello?
(24:25 / Allies) MaD_cOw_DiSeAsE: sup
(24:43 / Allies) MaD_cOw_DiSeAsE: you know I cant do shit vs air
(25:05 / All) BaGsOfDiRtYdIx: gg nubs
(25:08 / All) BaGsOfDiRtYdIx: 2ez
(25:12 / All) MaD_cOw_DiSeAsE: wow
(25:17 / All) MaD_cOw_DiSeAsE: you guys fucking suck
(25:21 / All) BaGsOfDiRtYdIx: get the fuck out nub
(25:28 / All) BaGsOfDiRtYdIx: leave like the nigger you are
(25:50 / All) MaD_cOw_DiSeAsE: wtf even was your strat?
(25:57 / All) MaD_cOw_DiSeAsE: tower yourselves and let bats kill them off?
(25:59 / All) BaGsOfDiRtYdIx: making you leave
(26:03 / All) BaGsOfDiRtYdIx: now get out
(28:17 / Allies) BedrockFred: we need siege
(28:33 / Allies) MaD_cOw_DiSeAsE: keep making frosties
(28:40 / Allies) MaD_cOw_DiSeAsE: freezing should do fine
(28:42 / Allies) MaD_cOw_DiSeAsE: ill get a few pults
(30:34 / Allies) MaD_cOw_DiSeAsE: you went all the way yto my base to kill 1 bat?
(35:57 / Allies) MaD_cOw_DiSeAsE: tp please
(36:24 / Allies) MaD_cOw_DiSeAsE: hahahaha
(36:30 / Allies) MaD_cOw_DiSeAsE: perfect timing
(47:58 / All) MaD_cOw_DiSeAsE: can you guys leave yet? noobs
(50:29 / All) MaD_cOw_DiSeAsE: noobs
(52:48 / All) MaD_cOw_DiSeAsE: just leave, noobs
(56:06 / Allies) MaD_cOw_DiSeAsE: I think pink has a lot of dragonhawks
(56:15 / Allies) MaD_cOw_DiSeAsE: im gonna get some bats
(58:56 / Allies) MaD_cOw_DiSeAsE: k, gonna start working on green
(59:15 / All) MaD_cOw_DiSeAsE: come on, just leave
(59:20 / All) MaD_cOw_DiSeAsE: your bm cant save you
(60:57 / All) MaD_cOw_DiSeAsE: fag
(61:03 / All) MaD_cOw_DiSeAsE: leave
(62:25 / Allies) MaD_cOw_DiSeAsE: dam
(62:27 / Allies) MaD_cOw_DiSeAsE: lol
(62:39 / All) MaD_cOw_DiSeAsE: noobs
(63:19 / All) MaD_cOw_DiSeAsE: gg nubs
(64:19 / All) MaD_cOw_DiSeAsE: so now you're just gonna buse?
(64:22 / All) MaD_cOw_DiSeAsE: abuse*
(64:27 / All) MaD_cOw_DiSeAsE: what noobs
(64:36 / Allies) MaD_cOw_DiSeAsE: is there a lab here?
(64:40 / Allies) MaD_cOw_DiSeAsE: ah
(65:21 / Allies) MaD_cOw_DiSeAsE: sigh
(65:58 / Allies) MaD_cOw_DiSeAsE: lol
(66:05 / Allies) MaD_cOw_DiSeAsE: we're gonna need lots of wyrms
(66:15 / Allies) MaD_cOw_DiSeAsE: suicide your other troops
(66:20 / Allies) MaD_cOw_DiSeAsE: fiends/stats
(66:30 / Allies) MaD_cOw_DiSeAsE: any wood ghouls too
(66:52 / Allies) MaD_cOw_DiSeAsE: im gonna see what I can do with a zep
(69:39 / Allies) MaD_cOw_DiSeAsE: dude
(69:43 / Allies) MaD_cOw_DiSeAsE: we're gonna run out of gold...
(69:53 / Allies) BedrockFred: ill hbuild fiends?
(70:01 / Allies) MaD_cOw_DiSeAsE: I have no clue what to do
(70:07 / Allies) MaD_cOw_DiSeAsE: because we need to get up that hill
(70:33 / Allies) BedrockFred: i played one like this before
(70:41 / Allies) MaD_cOw_DiSeAsE: what did you do?
(70:53 / Allies) BedrockFred: we used sh ult
(71:04 / Allies) MaD_cOw_DiSeAsE: sh might get raped by those dragons
(71:18 / Allies) MaD_cOw_DiSeAsE: and they can still shackle it just wont to damage believe
(71:21 / Allies) MaD_cOw_DiSeAsE: I believe*
(71:53 / All) westonB: this reveal has intimidating powers it seems
(72:10 / All) MaD_cOw_DiSeAsE: its definatley not the hawks or towers
(73:36 / Allies) MaD_cOw_DiSeAsE: cant believe I missed that roots
(73:56 / Allies) MaD_cOw_DiSeAsE: you're going to have to start unsommoning soon
(74:03 / Allies) MaD_cOw_DiSeAsE: and we need an attack plan
(74:21 / Allies) MaD_cOw_DiSeAsE: go dl disc hack? lol
(74:42 / All) MaD_cOw_DiSeAsE: isn't it your boys's bedtime yet?
(74:52 / All) BaGsOfDiRtYdIx: nah, hes not done sucking my dick
(74:58 / All) BaGsOfDiRtYdIx: but when he is ill send him to bed
(74:58 / All) MaD_cOw_DiSeAsE: oh, sorry to interrupt
(75:23 / Allies) MaD_cOw_DiSeAsE: im just killing trees to waste time
(75:30 / Allies) MaD_cOw_DiSeAsE: I could try moving them up again
(75:38 / Allies) MaD_cOw_DiSeAsE: but dragonhawks will tear em down
(75:44 / Allies) BedrockFred: bring fiends and cats up
(75:51 / Allies) MaD_cOw_DiSeAsE: need more zepps
(76:36 / Allies) MaD_cOw_DiSeAsE: 200g please
(76:54 / Allies) MaD_cOw_DiSeAsE: k, this is going to be hard
(77:00 / Allies) MaD_cOw_DiSeAsE: ill bring up sh for voodoo
(77:27 / Allies) MaD_cOw_DiSeAsE: ready?
(77:38 / Allies) MaD_cOw_DiSeAsE: wait, we want tranq too
(77:42 / Allies) MaD_cOw_DiSeAsE: or an extra fiend?
(77:58 / Allies) BedrockFred: dks ult?
(78:02 / Allies) MaD_cOw_DiSeAsE: here, lets get 1 more
(78:05 / Allies) BedrockFred: bring back?
(78:09 / Allies) MaD_cOw_DiSeAsE: 240g please
(78:30 / Allies) MaD_cOw_DiSeAsE: uh, need 4 more
(78:32 / Allies) MaD_cOw_DiSeAsE: upkeep sucks :/
(79:23 / Allies) MaD_cOw_DiSeAsE: okay, ready?
(79:37 / Allies) MaD_cOw_DiSeAsE: lets go
(79:54 / Allies) BedrockFred: drop all
(79:57 / Allies) MaD_cOw_DiSeAsE: why?
(80:03 / Allies) BedrockFred: idk
(80:06 / Allies) MaD_cOw_DiSeAsE: lol
(80:14 / Allies) BedrockFred: i mean up there
(80:16 / Allies) MaD_cOw_DiSeAsE: wait
(80:23 / Allies) MaD_cOw_DiSeAsE: we dont want his bats blowing up zepps
(80:29 / Allies) MaD_cOw_DiSeAsE: and I think we need more room
(80:57 / All) BaGsOfDiRtYdIx: OH SHIT ITS A PULT
(81:01 / Allies) MaD_cOw_DiSeAsE: okay
(81:02 / All) BaGsOfDiRtYdIx: NOT OUR TREES!!!
(81:04 / All) BaGsOfDiRtYdIx: NOOOOOOOO
(81:05 / Allies) MaD_cOw_DiSeAsE: im going for it
(83:30 / Allies) MaD_cOw_DiSeAsE: fuck its over
(83:49 / Allies) MaD_cOw_DiSeAsE: they got my zepps...
(84:32 / Allies) MaD_cOw_DiSeAsE: I dont believe it
(84:45 / Allies) BedrockFred: we could just leave comps on
(84:48 / All) BaGsOfDiRtYdIx: gg nubs
(84:53 / Allies) MaD_cOw_DiSeAsE: those hawks can finish us off
(85:07 / Allies) MaD_cOw_DiSeAsE: you shouldn't have suicided out air
(85:13 / Allies) MaD_cOw_DiSeAsE: our*
(85:56 / Allies) BedrockFred: we all most got them
(86:01 / Allies) BedrockFred: any ideas?
(86:04 / Allies) MaD_cOw_DiSeAsE: none
(86:11 / Allies) MaD_cOw_DiSeAsE: sell items is all I got
(86:35 / Allies) MaD_cOw_DiSeAsE: maybe the marketplace has a wint he game item...
(87:03 / Allies) MaD_cOw_DiSeAsE: what're you looking for?
(87:08 / Allies) BedrockFred: him
(87:13 / Allies) MaD_cOw_DiSeAsE: ih
(87:14 / Allies) MaD_cOw_DiSeAsE: oh
(88:12 / Allies) MaD_cOw_DiSeAsE: im done dude, dont think we can do anythig except hunt that bm
(89:20 / Allies) MaD_cOw_DiSeAsE: you have any plans?
(89:34 / All) BaGsOfDiRtYdIx: so all my towers are rebuilt, im ready for round 2, all your heroes back up?
(89:44 / All) MaD_cOw_DiSeAsE: some gold would be nice
(89:54 / All) BaGsOfDiRtYdIx: sorry doods, only got 10k left
(89:56 / All) westonB: that's being shipped UPS
(90:05 / All) MaD_cOw_DiSeAsE: damn ups, they take forever
(90:13 / All) MaD_cOw_DiSeAsE: /resetmines
(90:14 / All) BaGsOfDiRtYdIx: might not arrive til after you lose :\
(90:20 / All) MaD_cOw_DiSeAsE: damn, that'll be too late
(90:35 / All) MaD_cOw_DiSeAsE: you just gonna have that pheonix kill us off?
(90:46 / All) BaGsOfDiRtYdIx: that and bladestorm yup
(90:51 / All) MaD_cOw_DiSeAsE: have fun
(90:52 / All) BaGsOfDiRtYdIx: usually only takes about 2 hours
(90:56 / All) westonB: you too
(90:58 / All) MaD_cOw_DiSeAsE: oh good
(91:05 / All) MaD_cOw_DiSeAsE: maybe you guys will just all randomly dc before then
(91:06 / Allies) BedrockFred: i can leave my comp on
(91:13 / Allies) MaD_cOw_DiSeAsE: they can kill us off with hawks
(91:14 / All) FedEx: one game lasted 18 hours
(91:17 / Allies) MaD_cOw_DiSeAsE: but go for it
(91:20 / All) BaGsOfDiRtYdIx: epic
(91:22 / Allies) MaD_cOw_DiSeAsE: im gonna log
(91:26 / Allies) BedrockFred: ok we quit then
(91:26 / Allies) MaD_cOw_DiSeAsE: g
(91:27 / Allies) MaD_cOw_DiSeAsE: l
(91:37 / Allies) MaD_cOw_DiSeAsE: yeah lets just give this win to them
(91:39 / All) MaD_cOw_DiSeAsE: gg guys
(91:44 / All) BaGsOfDiRtYdIx: gg
(91:45 / All) MaD_cOw_DiSeAsE: I really dont feel like waiting all night
(91:50 / All) BaGsOfDiRtYdIx: gg nubs
(91:51 / All) westonB: welp
(91:56 / All) westonB: better luck next time
(91:58 / All) MaD_cOw_DiSeAsE: sorry about all the shit talking :/ but in all fairness you started it